 Dungeon Crawl Stone Soup version 0.27-a0-1312-g5cdb2b3542 (webtiles) character file.

Game seed: 718740696246613067

4511 HAL9000 the Covert (level 10, -10/49 HPs)
             Began as a Vine Stalker Brigand on June 19, 2021.
             Was a Believer of Dithmenos.
             Mangled by a two-headed ogre (18 damage)
             ... on level 9 of the Dungeon.
             The game lasted 00:23:38 (8528 turns).

HAL9000 the Covert (Vine Stalker Brigand)           Turns: 8528, Time: 00:23:39

Health: -10/49     AC: 10    Str: 22    XL:     10   Next: 39%
Magic:  0/11       EV: 11    Int: 11    God:    Dithmenos [**....]
Gold:   493        SH:  0    Dex: 23    Spells: 3/9 levels left

rFire    . . .     SeeInvis .   d - +5 dagger (drain)
rCold    . . .     Faith    +   (no shield)
rNeg     . . .     Spirit   +   e - +2 leather armour {Will+}
rPois    .         Reflect  .   (no helmet)
rElec    .         Harm     .   c - +0 cloak
rCorr    .         Rampage  .   n - +0 pair of gloves
Will     ++...                  v - +2 pair of boots of Cowardice {Slay+3}
Stlth    +++++++...             l - amulet of faith
HPRegen  1.16/turn              A - +6 ring of strength
MPRegen  0.12/turn              C - +6 ring of dexterity

@: lethally poisoned (-10 -> -12), wreathed by umbra
A: fangs 3, regeneration 1, magic shield, antimagic bite, no potion heal 2
a: Renounce Religion, Shadow Step


You were on level 9 of the Dungeon.
You worshipped Dithmenos.
Dithmenos was pleased with you.
You visited 2 branches of the dungeon, and saw 10 of its levels.

You collected 493 gold pieces.

Inventory:

Hand Weapons
 a - a +2 dagger
 d - a +5 dagger of draining (weapon)
Missiles
 x - 69 poisoned darts (quivered)
 z - a curare-tipped dart
 B - 7 datura-tipped darts
Armour
 c - a +0 cloak (worn)
 e - a +2 leather armour of willpower (worn)
 n - a +0 pair of gloves (worn)
 p - a scarf of repulsion
 v - the +2 pair of boots of Cowardice (worn) {Slay+3}
   (You found it on level 4 of the Dungeon)

   It affects your accuracy and damage with ranged weapons and melee attacks
   (+3).
Jewellery
 l - an amulet of faith (around neck)
 A - a +6 ring of strength (left hand)
 C - a +6 ring of dexterity (right hand)
 G - a ring of resist corrosion
Wands
 f - a wand of flame (16)
 j - a wand of polymorph (13)
 k - a wand of acid (5)
 J - a wand of digging (9)
 K - a wand of paralysis (9)
Scrolls
 g - 3 scrolls of fear
 h - 6 scrolls of identify
 i - 2 scrolls of summoning {unknown}
 o - a scroll of fog {unknown}
 q - 3 scrolls of teleportation {unknown}
 r - 3 scrolls of magic mapping {unknown}
 w - 4 scrolls of noise {unknown}
 y - a scroll of vulnerability {unknown}
 F - a scroll of torment {unknown}
 I - a scroll of enchant weapon {unknown}
Potions
 b - a potion of brilliance {unknown}
 m - 3 potions of haste {unknown}
 s - 2 potions of mutation {unknown}
 t - a potion of ambrosia {unknown}
 u - a potion of lignification {unknown}
 D - 2 potions of curing {unknown}
 E - a potion of resistance {unknown}
 H - a potion of cancellation {unknown}


   Skills:
 + Level 4.0 Fighting
 + Level 6.4 Short Blades
 - Level 1.7 Throwing
 - Level 0.7 Dodging
 - Level 12.6 Stealth
 - Level 8.5 Hexes


You had 3 spell levels left.
You knew the following spells:

 Your Spells              Type           Power      Damage    Failure   Level
a - Confusing Touch       Hex            18%        N/A       3%          3
b - Tukima's Dance        Hex            18%        N/A       3%          3

Your spell library contained the following spells:

 Spells                   Type           Power      Damage    Failure   Level
 Corona                   Hex            20%        N/A       1%          1
 Ensorcelled Hibernation  Hex/Ice        18%        N/A       11%         2
 Dazzling Flash           Conj/Hex       18%        N/A       22%         3
 Summon Guardian Golem    Hex/Summ       9%         N/A       22%         3
 Summon Small Mammal      Summ           0%         N/A       38%         1
 Call Imp                 Summ           0%         N/A       52%         2
 Call Canine Familiar     Summ           0%         N/A       77%         3
 Summon Ice Beast         Ice/Summ       0%         N/A       99%         4
 Summon Lightning Spire   Summ/Air       0%         N/A       99%         4


Dungeon Overview and Level Annotations

Branches:
Dungeon (9/15)             Temple (1/1) D:6
   Lair: D:8-11         Orc: D:9-12

Altars:
Ashenzari
Cheibriados
Dithmenos
Elyvilon
Fedhas
Gozag
Hepliaklqana
Kikubaaqudgha
Makhleb
Nemelex Xobeh
Okawaru
Qazlal
Ru
Sif Muna
Trog
Uskayaw
Vehumet
Wu Jian
Xom
Yredelemnul
Zin
The Shining One

Shops:
D:6 ?


Innate Abilities, Weirdness & Mutations

You have razor-sharp teeth.
Your natural rate of healing is unusually fast.
When hurt, damage is shared between your health and your magic reserves.
Your bite disrupts and absorbs the magic of your enemies.
Potions cannot restore your health.


Message History

There is a stone staircase leading down here.
Unknown command.
You hit the killer bee. You bite the killer bee. You drain its power.
The killer bee is heavily wounded.
The killer bee closely misses you.
You puncture the killer bee!
You kill the killer bee!
Dithmenos accepts your kill.
Your Fighting skill increases to level 4!
No target in view!
No target in view!
There is a stone staircase leading down here.
You climb downwards.
The killer bee stings you.
You are poisoned.
The killer bee poisons you! The killer bee closely misses you.
There is a stone staircase leading up here.
Unknown command.
You feel sick. The killer bee misses you.
The killer bee stings you but does no damage.
You climb upwards.
You feel sick.
There is a stone staircase leading down here.
You feel sick.
The killer bee stings you but does no damage.
The killer bee barely misses you.
You climb downwards.
You feel sick.
The killer bee stings you but does no damage.
The killer bee stings you.
You are more poisoned.
The killer bee poisons you!
The two-headed ogre hits you with a +0 dire flail!!
The two-headed ogre hits you with a +0 giant spiked club!
* * * LOW HITPOINT WARNING * * *
The killer bee stings you but does no damage.
There is a stone staircase leading up, spattered with blood here.
You feel very sick.
The killer bee stings you but does no damage.
The killer bee closely misses you. The killer bee stings you.
* * * LOW HITPOINT WARNING * * *
The two-headed ogre hits you with a +0 dire flail!!
You die...

....... #......
##...... .
###....... ..
##..))..... .(####
#..##...).. ....##
#.##..#####
###..####.#..)#
#.@.....†.).#)#
#Oyy.[.....##.#
#..........#..#
###.<........#.##
...#.....†......#.
................#.
...........######.
...........# #.
.....y.....#


You could see a two-headed ogre and 2 killer bees.

Vanquished Creatures
  A gargoyle (D:8)
  Sigmund (D:4)
  A shadow (D:6)
  Grum (D:9)
  Duvessa (D:5)
  Edmund (D:6)
  2 water moccasins
  3 orc warriors
  2 ice beasts
  A sky beast (D:8)
  A necrophage (D:3)
  3 centaurs
  2 wolves (D:9)
  An ogre (D:7)
  A kobold brigand (D:6)
  4 bullfrogs
  2 scorpions
  A wyvern zombie (D:5)
  A gnoll sergeant (D:6)
  A water moccasin zombie (D:5)
  A water moccasin skeleton (D:7)
  Dowan (D:5)
  10 killer bees (D:8)
  3 wights (D:8)
  2 howler monkeys
  4 hounds
  A jelly (D:6)
  4 orc priests
  2 gnoll shamans
  An iguana (D:4)
  A scorpion zombie (D:5)
  5 orc wizards
  Terence (D:3)
  A killer bee zombie (D:8)
  11 gnolls
  6 adders
  3 white imps
  An ufetubus (D:6)
  3 worms
  A dart slug (D:4)
  16 orcs
  6 ball pythons
  8 bats
  11 endoplasms
  4 giant cockroaches
  8 goblins
  8 hobgoblins
  5 jackals
  13 kobolds
  7 quokkas
  6 frilled lizards
  5 rats
190 creatures vanquished.

Notes
Turn   | Place    | Note
-------+----------+-------------------------------------------
     0 | D:1      | HAL9000 the Vine Stalker Brigand began the quest for the
                  | Orb.
     0 | D:1      | Reached XP level 1. HP: 11/11 MP: 2/2
   170 | D:1      | Reached XP level 2. HP: 12/15 MP: 3/3
   447 | D:1      | Found a faded altar of an unknown god.
   628 | D:1      | Reached XP level 3. HP: 18/18 MP: 4/4
  1616 | D:2      | Gained mutation: Your natural rate of healing is unusually
                  | fast. [Vine Stalker growth]
  1616 | D:2      | Reached XP level 4. HP: 23/23 MP: 5/5
  2011 | D:3      | Noticed Terence
  2380 | D:3      | Reached XP level 5. HP: 26/26 MP: 6/6
  2597 | D:3      | Killed Terence
  2825 | D:4      | Reached skill level 5 in Short Blades
  2959 | D:4      | Reached skill level 5 in Stealth
  2991 | D:3      | Reached XP level 6. HP: 15/30 MP: 4/7
  3162 | D:4      | Found a broken altar of Ashenzari.
  3276 | D:4      | Noticed a necrophage
  3323 | D:3      | Killed a necrophage
  3324 | D:3      | Reached skill level 6 in Stealth
  3608 | D:3      | Reached skill level 7 in Stealth
  3753 | D:4      | Noticed Sigmund
  3756 | D:4      | Identified the +2 pair of boots of Cowardice {Slay+3}
  3762 | D:4      | Killed Sigmund
  3763 | D:4      | Reached skill level 8 in Stealth
  3763 | D:4      | Reached XP level 7. HP: 34/34 MP: 8/8
  4320 | D:5      | Entered Level 5 of the Dungeon
  4327 | D:5      | Reached skill level 9 in Stealth
  4391 | D:5      | Reached skill level 10 in Stealth
  4391 | D:5      | Gained mutation: You have razor-sharp teeth. [Vine Stalker
                  | growth]
  4391 | D:5      | Reached XP level 8. HP: 11/38 MP: 4/9
  4653 | D:5      | Learned a level 3 spell: Confusing Touch
  4802 | D:5      | Reached skill level 11 in Stealth
  5061 | D:5      | Noticed Duvessa
  5061 | D:5      | Noticed Dowan
  5503 | D:5      | Killed Dowan
  5541 | D:5      | Killed Duvessa
  5542 | D:5      | Reached skill level 12 in Stealth
  5661 | D:6      | Found a staircase to the Ecumenical Temple.
  5732 | D:6      | Found a radiant altar of Vehumet.
  5762 | D:6      | Noticed Edmund
  5768 | D:6      | Killed Edmund
  5836 | D:6      | Reached XP level 9. HP: 32/42 MP: 8/10
  5863 | Temple   | Entered the Ecumenical Temple
  6024 | Temple   | Became a worshipper of Dithmenos the Shadowed
  6278 | D:6      | Found Dig Gil's Magic Scroll Shop.
  6747 | D:7      | Reached skill level 5 in Hexes
  6775 | D:7      | Found a white marble altar of Elyvilon.
  6776 | D:7      | Found a shimmering blue altar of Sif Muna.
  6776 | D:7      | Found a shimmering altar of Xom.
  6777 | D:7      | Found an ancient bone altar of Kikubaaqudgha.
  6895 | D:7      | Learned a level 3 spell: Tukima's Dance
  6938 | D:7      | Reached * piety under Dithmenos
  7815 | D:8      | Reached XP level 10. HP: 37/46 MP: 8/11
  8173 | D:8      | Noticed a gargoyle
  8177 | D:8      | Killed a gargoyle
  8451 | D:9      | Noticed Grum
  8451 | D:9      | Noticed a two-headed ogre
  8455 | D:9      | Killed Grum
  8455 | D:9      | Reached ** piety under Dithmenos
  8528 | D:9      | Mangled by a two-headed ogre

Illustrated notes

Levels and vault maps discovered:
D:1:      dpeg_arrival_castle, layout_loops_ring, ebering_ecumenical_altar_webs
D:2:      layout_basic, minmay_puff
D:3:      layout_rooms, grunt_decor_clamped, chequers_serial_rivers_room_b,
          minmay_between, uniq_terence
D:4:      layout_layer_cave, evilmike_ruin_ashenzari,
          kennysheep_generic_room_11, uniq_sigmund
D:5:      layout_basic, uniq_duvessa
D:6:      layout_gridville, nicolae_overflow_crystal_walls,
          minmay_temple_entry_water_ring, serial_shops, shop_fountains,
          uniq_edmund
D:7:      layout_loops_corners, chequers_temple_overflow_statue_of_worship
D:8:      layout_loops_ring
D:9:      layout_rooms, serial_shops, nicolae_shop_window_shopping, uniq_joseph,
          uniq_maggie, uniq_grum
Temple:   regret_index_temple_sphere_string

Skill      XL: |  1  2  3  4  5  6  7  8  9 10 |
---------------+-------------------------------+-----
Short Blades   | 2 3 4 5 6 |  6.4
Stealth        | 5 8 10 12 | 12.6
Hexes          | 2 8 |  8.5
Fighting       | 4 |  4.0
Throwing       | |  1.7
Dodging        | |  0.7

Action                   |  1- 3 |  4- 6 |  7- 9 | 10-12 || total
-------------------------+-------+-------+-------+-------++-------
Melee: Dagger            |   122 |   232 |   194 |    50 ||   598
       Bite              |    23 |    77 |    48 |    15 ||   163
Throw: Dart              |     8 |    23 |    23 |       ||    54
 Cast: Confusing Touch   |       |       |     2 |       ||     2
       Tukima's Dance    |       |       |       |     1 ||     1
Evoke: Wand              |       |       |     4 |       ||     4
  Use: Scroll            |       |       |     2 |       ||     2
 Stab: Sleeping          |    11 |     9 |    25 |    11 ||    56
       Confused          |       |       |     1 |       ||     1
Armor: Robe              |    37 |    52 |    34 |       ||   123
       Leather armour    |       |       |    22 |    17 ||    39
Dodge: Dodged            |    57 |   118 |    87 |    23 ||   285

Table legend: (Time is in decaauts)
 A = Elapsed time spent in this place.
 B = Non-inter-level travel time spent in this place.
 C = Inter-level travel time spent in this place.
 D = Time resting spent in this place.
 E = Time spent auto-exploring this place.
 F = Levels seen in this place.
 G = Mean time per level.
                   A        B        C        D        E       F      G
               +--------+--------+--------+--------+--------+-----+--------+
         Total |   8411 |   7680 |    731 |    337 |   5600 |  10 |  841.1 |
       Dungeon |   8233 |   7530 |    703 |    337 |   5452 |   9 |  914.8 |
        Temple |    177 |    149 |     28 |      0 |    148 |   1 |  177.0 |
               +--------+--------+--------+--------+--------+-----+--------+

Top non-repeatable levels by time:
     D:4: 1462 daAuts
     D:5: 1213 daAuts
     D:2: 1057 daAuts
     D:1: 986 daAuts
     D:7: 932 daAuts
     D:6: 880 daAuts
     D:8: 839 daAuts
     D:3: 812 daAuts
  Temple: 177 daAuts
     D:9: 49 daAuts
